 Dungeon Crawl Stone Soup version 0.20.0-10-g0535bb4 (webtiles) character file.

253 maniacrov the Chopper (level 6, -1/53 HPs)
             Began as a Hill Orc Fighter on June 5, 2017.
             Slain by an orc wizard
             ... wielding a +0 dagger
              (4 damage)
             ... on level 3 of the Dungeon.
             The game lasted 00:06:52 (1488 turns).

maniacrov the Chopper (Hill Orc Fighter)            Turns: 1488, Time: 00:06:53

Health: -1/53      AC:  7    Str: 21    XL:     6   Next: 14%
Magic:  6/6        EV:  8    Int:  8    God:
Gold:   125        SH:  9    Dex: 10    Spells: 5/5 levels left

rFire    + . .     SeeInvis .   h - +2 hand axe (chop)
rCold    . . .     Gourm    .   c - +0 shield
rNeg     . . .     Faith    +   e - +2 ring mail {rF+}
rPois    .         Spirit   .   (no helmet)
rElec    .         Reflect  .   (no cloak)
rCorr    .         Harm     .   (no gloves)
MR       .....                  (no boots)
Stlth    ..........             a - amulet of faith
Regen    0.2/turn               (no ring)
MPRegen  0.1/turn               (no ring)

@: slowed, very slow
A: no striking features
a: no special abilities


You were on level 3 of the Dungeon.
You were not hungry.

You visited 1 branch of the dungeon, and saw 3 of its levels.

You collected 125 gold pieces.

Inventory:

Hand Weapons
 h - a +2 hand axe of chopping (weapon)
Armour
 c - a +0 shield (worn)
 e - a +2 ring mail of fire resistance (worn)
 f - a +1 cloak of invisibility
 q - a +1 helmet
Jewellery
 a - an amulet of faith (around neck)
 o - an uncursed ring of protection from cold {unknown}
Scrolls
 b - a scroll of remove curse
 l - 2 scrolls of fog
 m - 2 scrolls of teleportation
 n - a scroll of magic mapping {unknown}
Potions
 d - a potion of magic {unknown}
 g - a potion of resistance {unknown}
 j - a potion of curing
 k - a potion of cancellation {unknown}
Comestibles
 i - 2 meat rations
 p - a royal jelly


   Skills:
 + Level 4.6 Fighting
 + Level 5.6 Axes
 + Level 4.1 Armour
 + Level 0.7 Dodging
 + Level 0.1 Stealth
 + Level 4.3 Shields


You had 5 spell levels left.
You didn't know any spells.

Dungeon Overview and Level Annotations

Branches:
Dungeon (3/15)

Altars:

Annotations:
D:3 Natasha


Message History

Natasha casts a spell at you.
You feel as though you will be slow longer.
Your shield prevents you from hitting Natasha.
Natasha is almost dead.
Natasha barely misses you. The orc wizard hits you with a dagger.
* * * LOW HITPOINT WARNING * * *
Natasha drinks a potion.
Natasha is healed!
You closely miss Natasha. You completely miss the orc wizard.
The orc wizard hits you but does no damage.
The orc wizard hits you with a dagger.
* * * LOW HITPOINT WARNING * * *
Natasha mumbles some strange words.
You block the orc wizard's attack. Natasha claws you.
* * * LOW HITPOINT WARNING * * *
You hit Natasha.
Natasha is moderately wounded.
You hit the orc wizard but do no damage.
The orc wizard is no longer moving quickly.
The orc wizard barely misses you. The orc wizard hits you with a dagger.
You die...

†## ##..........#
..####...........#
..........>......# .
....###....<.....#
..
###.###..........##
... #
.##.....†......#...#
##................#
#...........#.###..
#....[...5)@#.....#
#....######ho......
.............##.##..
....##########. #
.... .# .# .# ##


You could see an orc wizard, Natasha and a crimson imp.

Vanquished Creatures
  Crazy Yiuf (D:2)
  An orc wizard (D:3)
  Jessica (D:2)
  Natasha (D:3)
  6 adders
  An ooze (D:2)
  3 worms
  3 dart slugs
  3 leopard geckos
  3 orcs (D:3)
  6 bats
  3 giant cockroaches
  7 goblins
  3 hobgoblins
  5 jackals (D:1)
  6 kobolds
  3 quokkas
  2 ball pythons (D:2)
  3 frilled lizards
  9 rats
70 creatures vanquished.

Notes
Turn   | Place    | Note
-------+----------+-------------------------------------------
     0 | D:1      | maniacrov the Hill Orc Fighter began the quest for the Orb.
     0 | D:1      | Reached XP level 1. HP: 19/19 MP: 1/1
   125 | D:1      | Reached skill level 3 in Axes
   125 | D:1      | Reached XP level 2. HP: 21/27 MP: 2/2
   306 | D:1      | Reached XP level 3. HP: 33/33 MP: 3/3
   510 | D:2      | Noticed Jessica
   520 | D:2      | Killed Jessica
   520 | D:2      | Reached XP level 4. HP: 20/40 MP: 4/4
   695 | D:2      | Reached skill level 4 in Axes
   991 | D:2      | Reached XP level 5. HP: 40/47 MP: 5/5
  1007 | D:2      | Found a runed door.
  1013 | D:2      | Noticed Crazy Yiuf
  1019 | D:2      | Killed Crazy Yiuf
  1432 | D:3      | Noticed Natasha
  1444 | D:3      | Killed Natasha
  1444 | D:3      | Reached skill level 5 in Axes
  1465 | D:3      | Reached XP level 6. HP: 24/53 MP: 6/6
  1478 | D:3      | Noticed Natasha
  1488 | D:3      | Slain by an orc wizard

Skill      XL: |  1  2  3  4  5 |
---------------+----------------+-----
Axes           | 3 4 5 |  5.6
Fighting       | 4 |  4.6
Shields        | 4 |  4.3
Armour         | 4 |  4.1
Dodging        | |  0.7
Stealth        | |  0.1

Action                   |  1- 3 |  4- 6 || total
-------------------------+-------+-------++-------
Melee: War axe           |    55 |       ||    55
       Hand axe          |    18 |   139 ||   157
  Use: Scroll            |     2 |     3 ||     5
       Potion            |       |     2 ||     2
  Eat: Bread ration      |       |     1 ||     1
Armor: Scale mail        |    35 |       ||    35
       Ring mail         |     6 |    49 ||    55
Dodge: Dodged            |    33 |    31 ||    64
Block: Shield            |    55 |    62 ||   117
